Map: Lost and Found LE

Players

InZaNe - Winner!

  • Race: Terran Terran
  • League: Grandmaster
  • Spawn Location: 1:00

Clem

  • Race: Terran Terran
  • League: Grandmaster
  • Spawn Location: 7:00

Event: HomeStory Cup XVII

VOD

Have the link to the VOD?

Description

Time

  • Played on: June 28, 2018, 9:17 a.m.
  • Length: 6:52

All games in this series

Show
View Real Time Build Order
Export as new Build Order

InZaNe Terran - Winner!

Build Orders: 1/1/1, Cyclone Opening 

Get SALT Encoding   

  12  0:00  SCV  
  13  0:12  SCV  
  14  0:17  Supply Depot  
  14  0:24  SCV  
  14  0:28  Refinery  
  15  0:38  SCV  
  16  0:44  Barracks  
  16  0:50  SCV  
  16  0:54  Refinery  
  17  1:02  SCV  
  18  1:14  SCV  
  19  1:31  Orbital Command, Reaper  
  20  1:34  Factory  
  20  1:47  Supply Depot  
  20  1:57  SCV  
  21  2:03  Reaper  
  22  2:09  SCV  
  23  2:20  Cyclone, Starport  
  26  2:28  SCV  
  27  2:36  Barracks Tech Lab  
  27  2:40  Supply Depot, SCV  
  28  2:53  SCV  
  29  3:04  Raven  
  31  3:07  Command Center  
  31  3:10  Barracks Reactor  
  31  3:20  SCV  
  31  3:30  Supply Depot  
  31  3:32  SCV  
  31  3:44  SCV  
  31  3:46  Marine x2  
  34  3:53  Viking, Siege Tank  
  39  3:57  SCV  
  39  3:58  Supply Depot  
  40  4:04  Marine x2  
  40  4:09  SCV  
  43  4:14  Refinery  
  43  4:19  Orbital Command  
  43  4:21  SCV  
  44  4:27  Siege Tank  
  47  4:32  Viking  
  47  4:33  SCV  
  50  4:39  Viking  
  50  4:41  Marine  
  50  4:44  SCV  
  50  4:45  SCV  
  55  4:53  Supply Depot  
  55  4:56  SCV  
  55  4:57  SCV  
  55  4:59  Siege Tank  
  60  5:01  Barracks Tech Lab  
  60  5:08  Viking  
  62  5:14  Viking  
  62  5:15  SCV x2  
  62  5:21  Marine  
  67  5:27  Supply Depot, SCV x2  
  69  5:39  SCV x2  
  71  5:52  Viking  
  73  6:00  Siege Tank  
  73  6:04  Viking  
  78  6:10  Bunker  
  78  6:17  Marine  
  74  6:25  SCV x2  
  72  6:32  Command Center  
  73  6:34  Barracks x2  
  73  6:37  SCV x2  
  81  6:45  Refinery  
Show
View Real Time Build Order
Export as new Build Order

Clem Terran 

Build Orders: Reaper Expand 

Get SALT Encoding   

  12  0:00  SCV  
  13  0:12  SCV  
  14  0:17  Supply Depot  
  14  0:30  SCV  
  15  0:40  Barracks  
  15  0:42  SCV  
  16  0:44  Refinery  
  16  0:54  SCV  
  17  1:06  SCV  
  18  1:18  SCV  
  19  1:27  Reaper  
  19  1:31  Orbital Command  
  20  1:42  Command Center  
  20  1:52  Supply Depot  
  20  1:56  SCV  
  20  1:59  Marine  
  22  2:08  Factory  
  22  2:12  SCV  
  23  2:20  Refinery  
  23  2:21  Barracks Reactor  
  23  2:26  Bunker  
  23  2:30  SCV  
  24  2:42  SCV  
  25  2:54  Starport, SCV  
  25  2:55  Orbital Command  
  25  2:57  Marine  
  27  3:00  Marine  
  27  3:05  Factory Tech Lab  
  28  3:08  SCV  
  29  3:16  Marine  
  29  3:18  Marine  
  31  3:20  SCV  
  31  3:22  SCV  
  33  3:32  SCV  
  33  3:34  SCV  
  34  3:37  Marine x2  
  36  3:42  Raven  
  36  3:44  SCV  
  36  3:46  SCV  
  36  3:48  Supply Depot  
  40  3:52  Cyclone  
  40  3:55  Marine x2  
  44  3:56  SCV  
  44  3:58  SCV  
  46  4:12  Command Center, Marine  
  46  4:13  Marine  
  46  4:15  SCV x2  
  50  4:19  Supply Depot  
  50  4:24  Factory Tech Lab  
  50  4:25  Viking  
  50  4:29  SCV x2  
  54  4:37  Supply Depot  
  54  4:40  Marine x2  
  54  4:43  Barracks  
  54  4:44  Barracks  
  56  4:48  Siege Tank  
  56  4:51  SCV  
  56  4:52  SCV  
  61  4:55  Supply Depot  
  61  4:59  Marine  
  61  5:00  Marine  
  61  5:05  Refinery  
  61  5:06  Starport Reactor, SCV x2  
  65  5:07  Refinery  
  65  5:18  SCV x2  
  65  5:21  Engineering Bay  
  67  5:23  Engineering Bay  
  67  5:25  Orbital Command  
  66  5:30  Siege Tank, SCV  
  66  5:34  SCV  
  71  5:39  Marine  
  71  5:42  SCV  
  73  5:44  Marine x2  
  73  5:47  Starport Reactor  
  75  5:53  Marine x2  
  77  5:57  Marine, SCV  
  77  5:58  SCV  
  77  5:59  SCV  
  79  6:05  Supply Depot  
  79  6:08  Siege Tank  
  82  6:16  Marine x2  
  82  6:18  Marine  
  71  6:23  Orbital Command, Marine x2  
  59  6:34  Marine  
Tags
 
Add a new tag
Caveats
  • Supply blocks, unpowered buildings, or Contaminate may cause inaccurate times.
  • Supply counts are checked every 10 seconds.